[ AOE2 MATCH · #483626222 ]
UnrankedFranks vs Burgundians
Player's team · WIN
[ REPLAY ANALYSIS · EXTRACTED FROM THE RECORDED GAME ]
Feudal
—
Castle
7:57
Imperial
21:05
| APM avg | 49.0 |
| APM peak | 97 |
| eAPM avg | 20.5 |
| Villagers / military | 66 / 68 |
Focus
⚔️ 30.0% · 🌾 70.0%
Knight ×37 · Throwing Axeman ×20 · Spearman ×3 · Trebuchet (Packed) ×3 · Monk ×2 · Mangonel ×2
Feudal
—
Castle
8:26
Imperial
28:35
| APM avg | 16.9 |
| APM peak | 34 |
| eAPM avg | 11.0 |
| Villagers / military | 64 / 37 |
Focus
⚔️ 34.5% · 🌾 65.5%
Knight ×20 · Hand Cannoneer ×6 · Spearman ×5 · Scout Cavalry ×3 · Coustillier ×2 · Monk ×1
Match map
Initial resources + every placement click. Lines = walls · curves = elevation contours. ◆ gold · ⬟ stone · ● berries · ✦ relic · ◌ wall gap
Your base· Open — unwalled flank
jackyT's base· Open — unwalled flank
Smoothed initial terrain · ◌ = detected wall gap · hover for details
Inputs per minute
— Kick90s - - jackyT
Build order — Kick90s
First 150 of 235 actions detected
| 0:06 | Create | Villager (Male) |
| 0:06 | Create | Villager (Male) |
| 0:06 | Create | Villager (Male) |
| 0:07 | Create | Villager (Male) |
| 0:32 | Build | Palisade Wall |
| 0:38 | Build | House |
| 0:45 | Create | Spearman |
| 0:48 | Create | Villager (Male) |
| 0:56 | Build | House |
| 1:00 | Build | Palisade Wall |
| 1:02 | Build | House |
| 1:06 | Create | Villager (Male) |
| 1:16 | Build | Palisade Wall |
| 1:25 | Create | Villager (Male) |
| 1:31 | Build | Stable |
| 1:39 | Build | House |
| 1:42 | Build | Palisade Wall |
| 1:54 | Build | Palisade Wall |
| 2:07 | Create | Villager (Male) |
| 2:11 | Build | House |
| 2:12 | Build | Palisade Gate |
| 2:17 | Create | Villager (Male) |
| 2:25 | Build | Palisade Gate |
| 2:30 | Create | Villager (Male) |
| 2:33 | Build | Palisade Wall |
| 2:35 | Create | Scout Cavalry |
| 2:49 | Build | House |
| 2:59 | Build | Farm |
| 3:03 | Build | Farm |
| 3:05 | Build | Farm |
| 3:07 | Create | Villager (Male) |
| 3:12 | Build | Farm |
| 3:14 | Build | Farm |
| 3:28 | Build | House |
| 4:03 | Build | House |
| 4:08 | Build | Palisade Gate |
| 4:10 | Build | Palisade Wall |
| 4:16 | Create | Villager (Male) |
| 4:26 | Build | Mining Camp |
| 5:02 | Build | House |
| 5:10 | Build | Palisade Wall |
| 5:14 | Create | Villager (Male) |
| 5:16 | Research | Castle Age |
| 6:46 | Build | Market |
| 6:50 | Build | Farm |
| 7:07 | Research | Gold Mining |
| 7:08 | Research | Double-Bit Axe |
| 7:48 | Build | Stable |
| 7:56 | Build | Stable |
| 7:57 | Age | Castle Age |
| 8:01 | Build | Palisade Gate |
| 8:06 | Create | Villager (Male) |
| 8:25 | Create | Villager (Male) |
| 8:29 | Create | Knight |
| 8:32 | Create | Villager (Male) |
| 8:33 | Create | Villager (Male) |
| 8:41 | Build | Town Center |
| 8:57 | Build | Town Center |
| 9:22 | Create | Knight |
| 9:29 | Research | Forging |
| 9:41 | Create | Villager (Male) |
| 9:47 | Build | Mining Camp |
| 9:51 | Create | Villager (Male) |
| 9:54 | Build | Farm |
| 10:29 | Create | Knight |
| 10:29 | Create | Knight |
| 10:29 | Create | Knight |
| 10:35 | Research | Scale Barding Armor |
| 10:39 | Create | Villager (Male) |
| 10:41 | Create | Villager (Male) |
| 10:51 | Build | Monastery |
| 11:11 | Build | Stable |
| 11:22 | Create | Knight |
| 11:23 | Create | Knight |
| 11:24 | Create | Knight |
| 11:25 | Create | Villager (Male) |
| 11:47 | Build | House |
| 11:54 | Build | Farm |
| 11:57 | Create | Villager (Male) |
| 12:00 | Create | Villager (Male) |
| 12:29 | Build | Castle |
| 12:33 | Create | Knight |
| 12:33 | Create | Knight |
| 12:40 | Create | Spearman |
| 12:40 | Create | Spearman |
| 12:57 | Create | Villager (Male) |
| 13:02 | Build | Farm |
| 13:02 | Build | Farm |
| 13:02 | Build | Farm |
| 13:02 | Build | Farm |
| 13:03 | Build | Farm |
| 13:03 | Build | Farm |
| 13:07 | Create | Villager (Male) |
| 13:39 | Build | House |
| 13:41 | Build | House |
| 13:42 | Build | House |
| 13:46 | Create | Villager (Male) |
| 13:57 | Create | Villager (Male) |
| 14:00 | Create | Villager (Male) |
| 14:10 | Build | Mill |
| 14:22 | Create | Throwing Axeman |
| 14:23 | Create | Throwing Axeman |
| 14:48 | Build | Castle |
| 15:00 | Create | Villager (Male) |
| 15:02 | Create | Villager (Male) |
| 15:04 | Build | Farm |
| 15:09 | Build | Farm |
| 15:16 | Build | Farm |
| 15:20 | Create | Villager (Male) |
| 15:21 | Create | Villager (Male) |
| 15:24 | Create | Villager (Male) |
| 15:24 | Create | Villager (Male) |
| 15:30 | Create | Villager (Male) |
| 15:31 | Create | Villager (Male) |
| 16:26 | Create | Throwing Axeman |
| 16:27 | Create | Throwing Axeman |
| 16:27 | Create | Throwing Axeman |
| 16:38 | Create | Throwing Axeman |
| 16:38 | Create | Throwing Axeman |
| 16:53 | Create | Monk |
| 16:53 | Create | Monk |
| 17:03 | Create | Knight |
| 17:03 | Create | Knight |
| 17:55 | Research | Imperial Age |
| 18:27 | Research | Chain Barding Armor |
| 18:42 | Build | Siege Workshop |
| 18:44 | Create | Villager (Male) |
| 18:46 | Research | Wheelbarrow |
| 18:47 | Create | Villager (Male) |
| 18:47 | Create | Villager (Male) |
| 18:47 | Create | Villager (Male) |
| 18:47 | Create | Villager (Male) |
| 18:48 | Create | Villager (Male) |
| 19:53 | Create | Mangonel |
| 19:58 | Create | Villager (Male) |
| 19:59 | Create | Villager (Male) |
| 19:59 | Create | Villager (Male) |
| 20:00 | Create | Villager (Male) |
| 20:01 | Create | Villager (Male) |
| 20:04 | Build | House |
| 20:08 | Build | Farm |
| 20:08 | Build | Farm |
| 20:08 | Build | Farm |
| 20:08 | Build | Farm |
| 20:08 | Build | Farm |
| 20:13 | Create | Villager (Male) |
| 20:17 | Build | Lumber Camp |
| 20:20 | Create | Villager (Male) |
| 20:20 | Create | Villager (Male) |
| 20:21 | Create | Villager (Male) |
Build order — jackyT
First 150 of 192 actions detected
| 0:01 | Create | Villager (Male) |
| 0:01 | Create | Villager (Male) |
| 0:02 | Create | Villager (Male) |
| 0:06 | Build | House |
| 0:10 | Build | Farm |
| 0:20 | Build | Farm |
| 0:21 | Create | Villager (Male) |
| 0:22 | Create | Villager (Male) |
| 0:42 | Create | Villager (Male) |
| 0:46 | Build | House |
| 0:48 | Build | House |
| 1:01 | Build | Mining Camp |
| 1:24 | Build | Stable |
| 1:36 | Build | Farm |
| 1:49 | Research | Double-Bit Axe |
| 1:51 | Research | Horse Collar |
| 2:16 | Build | Farm |
| 2:31 | Create | Villager (Male) |
| 2:33 | Create | Villager (Male) |
| 2:52 | Build | House |
| 2:53 | Build | House |
| 3:01 | Build | Farm |
| 3:18 | Create | Villager (Male) |
| 3:28 | Build | Farm |
| 3:34 | Build | Farm |
| 3:53 | Build | Farm |
| 3:59 | Build | Farm |
| 4:03 | Create | Villager (Male) |
| 4:24 | Create | Villager (Male) |
| 4:32 | Build | Farm |
| 4:40 | Create | Villager (Male) |
| 5:19 | Create | Villager (Male) |
| 5:46 | Research | Castle Age |
| 6:00 | Create | Scout Cavalry |
| 6:23 | Create | Scout Cavalry |
| 6:23 | Create | Scout Cavalry |
| 6:33 | Build | Stable |
| 6:38 | Build | Archery Range |
| 7:01 | Research | Bow Saw |
| 7:12 | Research | Gold Mining |
| 7:14 | Research | Stone Mining |
| 7:30 | Create | Villager (Male) |
| 7:30 | Create | Villager (Male) |
| 7:31 | Create | Villager (Male) |
| 8:13 | Create | Villager (Male) |
| 8:14 | Create | Villager (Male) |
| 8:26 | Age | Castle Age |
| 8:45 | Build | Town Center |
| 8:52 | Create | Villager (Male) |
| 8:52 | Create | Villager (Male) |
| 8:52 | Create | Villager (Male) |
| 8:52 | Create | Villager (Male) |
| 8:53 | Create | Villager (Male) |
| 9:23 | Research | Cavalier (upgrade) |
| 9:24 | Research | Husbandry |
| 9:29 | Create | Knight |
| 9:29 | Create | Knight |
| 9:30 | Create | Knight |
| 9:48 | Build | Monastery |
| 9:51 | Build | University |
| 10:40 | Create | Villager (Male) |
| 10:40 | Create | Villager (Male) |
| 10:40 | Create | Villager (Male) |
| 10:41 | Create | Villager (Male) |
| 11:01 | Build | Mining Camp |
| 11:11 | Build | Mining Camp |
| 11:41 | Build | Castle |
| 11:48 | Create | Monk |
| 11:58 | Create | Villager (Male) |
| 11:58 | Create | Villager (Male) |
| 11:58 | Create | Villager (Male) |
| 11:59 | Create | Villager (Male) |
| 11:59 | Create | Villager (Male) |
| 11:59 | Create | Villager (Male) |
| 12:00 | Create | Villager (Male) |
| 12:00 | Create | Villager (Male) |
| 12:13 | Create | Knight |
| 12:14 | Create | Knight |
| 12:14 | Create | Knight |
| 12:50 | Build | Monastery |
| 13:02 | Research | Stone Shaft Mining |
| 13:06 | Create | Villager (Male) |
| 13:18 | Build | House |
| 13:18 | Build | House |
| 13:19 | Build | House |
| 13:19 | Build | House |
| 13:20 | Build | House |
| 13:20 | Build | House |
| 13:21 | Build | House |
| 13:21 | Build | House |
| 13:21 | Build | House |
| 13:22 | Build | House |
| 13:22 | Build | House |
| 13:24 | Build | House |
| 13:28 | Research | Murder Holes |
| 13:35 | Build | House |
| 13:36 | Build | House |
| 14:11 | Build | Farm |
| 14:14 | Build | Farm |
| 14:16 | Build | Farm |
| 14:31 | Build | Stable |
| 14:33 | Build | Archery Range |
| 14:48 | Build | Farm |
| 15:06 | Build | Mining Camp |
| 15:23 | Build | Castle |
| 16:07 | Create | Villager (Male) |
| 16:08 | Create | Villager (Male) |
| 16:08 | Create | Villager (Male) |
| 16:08 | Create | Villager (Male) |
| 16:08 | Create | Villager (Male) |
| 16:09 | Create | Villager (Male) |
| 16:27 | Create | Villager (Male) |
| 16:27 | Create | Villager (Male) |
| 16:28 | Create | Villager (Male) |
| 16:28 | Create | Villager (Male) |
| 16:28 | Create | Villager (Male) |
| 16:52 | Create | Knight |
| 16:52 | Create | Knight |
| 16:52 | Create | Knight |
| 16:53 | Create | Knight |
| 16:53 | Create | Knight |
| 16:54 | Create | Knight |
| 16:55 | Create | Knight |
| 16:55 | Create | Knight |
| 17:36 | Research | Pikeman (upgrade) |
| 17:37 | Research | Squires |
| 17:38 | Create | Spearman |
| 17:38 | Create | Spearman |
| 17:56 | Build | Barracks |
| 18:36 | Create | Knight |
| 18:37 | Create | Knight |
| 19:28 | Create | Spearman |
| 19:28 | Create | Spearman |
| 19:29 | Create | Spearman |
| 19:49 | Research | Scale Barding Armor |
| 19:50 | Research | Scale Mail Armor |
| 20:47 | Build | Castle |
| 20:53 | Create | Villager (Male) |
| 20:53 | Create | Villager (Male) |
| 21:01 | Create | Knight |
| 21:16 | Build | Farm |
| 21:54 | Create | Villager (Male) |
| 21:54 | Create | Villager (Male) |
| 21:55 | Create | Villager (Male) |
| 21:55 | Create | Villager (Male) |
| 21:55 | Create | Villager (Male) |
| 21:55 | Create | Villager (Male) |
| 21:56 | Create | Villager (Male) |
| 22:19 | Build | Farm |
| 22:20 | Build | Farm |
Match timeline
| 0:32 | Kick90s · wall_segment Palisade Wall x3 |
| 1:00 | Kick90s · wall_segment Palisade Wall x6 |
| 1:16 | Kick90s · wall_segment Palisade Wall x7 |
| 1:24 | jackyT · first_building Stable |
| 1:31 | Kick90s · first_building Stable |
| 1:42 | Kick90s · wall_segment Palisade Wall x5 |
| 1:54 | Kick90s · wall_segment Palisade Wall x6 |
| 2:33 | Kick90s · wall_segment Palisade Wall x1 |
| 4:10 | Kick90s · wall_segment Palisade Wall x7 |
| 5:10 | Kick90s · wall_segment Palisade Wall x1 |
| 6:38 | jackyT · first_building Archery Range |
| 7:57 | Kick90s · age_up castle |
| 8:26 | jackyT · age_up castle |
| 9:48 | jackyT · first_building Monastery |
| 10:51 | Kick90s · first_building Monastery |
| 11:41 | jackyT · first_building Castle |
| 12:29 | Kick90s · first_building Castle |
| 14:41 | Kick90s · first_market_buy 100 stone |
| 17:56 | jackyT · first_building Barracks |
| 18:42 | Kick90s · first_building Siege Workshop |
| 21:05 | Kick90s · age_up imperial |
| 28:35 | jackyT · age_up imperial |
| 31:05 | jackyT · resign |
[ AI ANALYSIS · 1 CREDIT ]
What really happened in this match?
Wolo.gg analyzes every decision: build order, eco, micro, common mistakes by bracket. Personalized analysis on WhatsApp or Discord in 30 seconds.
Civ guide
Franks
Perfil
Jugador #16392299